 Dungeon Crawl Stone Soup version 0.17-a0-1984-g55f5988 (webtiles) character file.

179 Tush the Poker (level 5, -1/40 HPs)
             Began as a Demigod Wanderer on Oct 6, 2015.
             Slain by a wight
             ... wielding a cursed +0 dagger
              (3 damage)
             ... on level 3 of the Dungeon.
             The game lasted 00:15:44 (2340 turns).

Tush the Poker (Demigod Wanderer)                   Turns: 2340, Time: 00:15:44

Health: -1/40      AC:  5    Str: 15    XL:     5   Next: 10%
Magic:  8/8        EV: 12    Int: 14    God:
Gold:   151        SH:  0    Dex: 19    Spells: 0 memorised, 4 levels left

rFire  . . .     SeeInvis .     a - +2 spear
rCold  + . .     Clarity  .     b - +0 ring mail
rNeg   . . .     SustAt   +     (no shield)
rPois  +         Gourm    .     (no helmet)
rElec  .         Spirit   .     (no cloak)
rCorr  .         Warding  .     (no gloves)
rMut   .         Stasis   .     (no boots)
MR     .....                    (no amulet)
Stlth  +.........               m - ring of poison resistance
                                e - ring of protection from cold

@: hasted, drained, very quick, not resistant to hostile enchantments, very
unstealthy
A: repulsion field 1, frail 1, high mp 1, poison resistance, sustain attributes
a: no special abilities


You were on level 3 of the Dungeon.
You were not hungry.

You visited 1 branch of the dungeon, and saw 4 of its levels.

You collected 151 gold pieces.

Inventory:

Hand Weapons
 a - a +2 spear (weapon)
 t - a +0 hunting sling
Missiles
 f - 36 sling bullets
 g - 153 stones (quivered)
 j - a throwing net
 r - 19 arrows of flame
 s - 34 arrows
 u - 20 poisoned needles
 y - 4 tomahawks
 B - 18 arrows of frost
Armour
 b - a +0 ring mail (worn)
 A - a +2 plate armour of positive energy
Jewellery
 e - a ring of protection from cold (left hand)
 m - a ring of poison resistance (right hand)
Scrolls
 l - 4 scrolls of identify {unknown}
 p - a scroll of enchant armour {unknown}
 q - a scroll of remove curse {unknown}
 v - a scroll of recharging {unknown}
 x - a scroll of amnesia {unknown}
Potions
 c - 2 potions of curing
 i - a potion of degeneration
 n - 2 potions of mutation
 z - a potion of flight {unknown}
Comestibles
 d - 3 bread rations
 k - a slice of pizza


   Skills:
 - Level 3.0(2.4) Fighting
   Level 1.0(2.7) Axes
 * Level 5.2(4.6) Polearms
 - Level 1.0(0.4) Armour
 - Level 1.0(0.4) Dodging
 - Level 1.0(0.4) Stealth
   Level 1.0(0.4) Evocations


You had 4 spell levels left.
You didn't know any spells.

Dungeon Overview and Level Annotations

Branches:
Dungeon (4/15)
 Temple: D:4-7


Innate Abilities, Weirdness & Mutations

You have an increased reservoir of magic (+10% MP).
Your attributes are resistant to harm.
You are surrounded by a mild repulsion field (EV +2).
You are frail (-10% HP).
Your system is resistant to poisons.


Message History

The wight is severely damaged.
The wight barely misses you.
You barely miss the wight.
The wight is severely damaged.
The wight barely misses you. The wight completely misses you.
You hit the wight but do no damage.
The wight is severely damaged.
The wight closely misses you.
There is a stone staircase leading up here.
The wight hits you with a dagger!
* * * LOW HITPOINT WARNING * * *
You climb upwards.
There is a stone staircase leading down here.
Drink which item? (? for menu, Esc to quit)
It was a potion of magic.
Magic courses through your body. The wight hits you but does no damage.
Drink which item? (? for menu, Esc to quit)
It was a potion of haste.
You feel yourself speed up. The wight hits you with a dagger.
You die...

######### #.#########.####
#.......# #.#............#
#.#####.# #.#.#######.##.# #.#
#.# #.#.#.....#.##.# #.#
#.######.#.#.###......# #.#
#.#).....#.#.#.#......#
#.#####'#......#.#...#......#
#.#............#.#.#.#......###
#.#.........>z@#.#...#.........
#.#......#####.#.#.###.........
#.#......#####.#...............
#.#......##....########........
#.#...................'..<.....
#.#...........#########........
#.##...........# #######+#.....
#.#########....# #.......#>.#+#
#...........<..###.......#....#


You could see a wight.

Vanquished Creatures
  7 adders
  4 gnolls (D:3)
  An ooze (D:1)
  3 worms
  2 giant geckos
  2 orcs (D:3)
  6 bats
  4 giant cockroaches
  10 hobgoblins
  8 jackals
  4 kobolds
  4 giant newts
  6 goblins
  5 rats
66 creatures vanquished.

Notes
Turn   | Place    | Note
--------------------------------------------------------------
     0 | D:1      | Tush the Demigod Wanderer began the quest for the Orb.
     0 | D:1      | Tush set off with: a +2 spear, a +0 ring mail, a potion of curing, a bread ration, a !bad item (cl:100,ty:0,pl:0,pl2:0,sp:0,qu:0), a !bad item (cl:100,ty:0,pl:0,pl2:0,sp:0,qu:0), a !bad item (cl:100,ty:0,pl:0,pl2:0,sp:0,qu:0), a !bad item (cl:100,ty:0,pl:0,pl2:0,sp:0,qu:0), a !bad item (cl:100,ty:0,pl:0,pl2:0,sp:0,qu:0), a !bad item (cl:100,ty:0,pl:0,pl2:0,sp:0,qu:0), a !bad item (cl:100,ty:0,pl:0,pl2:0,sp:0,qu:0), a !bad item (cl:100,ty:0,pl:0,pl2:0,sp:0,qu:0), a !bad item (cl:100,ty:0,pl:0,pl2:0,sp:0,qu:0), a !bad item (cl:100,ty:0,pl:0,pl2:0,sp:0,qu:0), a !bad item (cl:100,ty:0,pl:0,pl2:0,sp:0,qu:0), a !bad item (cl:100,ty:0,pl:0,pl2:0,sp:0,qu:0), a !bad item (cl:100,ty:0,pl:0,pl2:0,sp:0,qu:0), a !bad item (cl:100,ty:0,pl:0,pl2:0,sp:0,qu:0), a !bad item (cl:100,ty:0,pl:0,pl2:0,sp:0,qu:0), a !bad item (cl:100,ty:0,pl:0,pl2:0,sp:0,qu:0), a !bad item (cl:100,ty:0,pl:0,pl2:0,sp:0,qu:0), a !bad item (cl:100,ty:0,pl:0,pl2:0,sp:0,qu:0), a !bad item (cl:100,ty:0,pl:0,pl2:0,sp:0,qu:0), a !bad item (cl:100,ty:0,pl:0,pl2:0,sp:0,qu:0), a !bad item (cl:100,ty:0,pl:0,pl2:0,sp:0,qu:0), a !bad item (cl:100,ty:0,pl:0,pl2:0,sp:0,qu:0), a !bad item (cl:100,ty:0,pl:0,pl2:0,sp:0,qu:0), a !bad item (cl:100,ty:0,pl:0,pl2:0,sp:0,qu:0), a !bad item (cl:100,ty:0,pl:0,pl2:0,sp:0,qu:0), a !bad item (cl:100,ty:0,pl:0,pl2:0,sp:0,qu:0), a !bad item (cl:100,ty:0,pl:0,pl2:0,sp:0,qu:0), a !bad item (cl:100,ty:0,pl:0,pl2:0,sp:0,qu:0), a !bad item (cl:100,ty:0,pl:0,pl2:0,sp:0,qu:0), a !bad item (cl:100,ty:0,pl:0,pl2:0,sp:0,qu:0), a !bad item (cl:100,ty:0,pl:0,pl2:0,sp:0,qu:0), a !bad item (cl:100,ty:0,pl:0,pl2:0,sp:0,qu:0), a !bad item (cl:100,ty:0,pl:0,pl2:0,sp:0,qu:0), a !bad item (cl:100,ty:0,pl:0,pl2:0,sp:0,qu:0), a !bad item (cl:100,ty:0,pl:0,pl2:0,sp:0,qu:0), a !bad item (cl:100,ty:0,pl:0,pl2:0,sp:0,qu:0), a !bad item (cl:100,ty:0,pl:0,pl2:0,sp:0,qu:0), a !bad item (cl:100,ty:0,pl:0,pl2:0,sp:0,qu:0), a !bad item (cl:100,ty:0,pl:0,pl2:0,sp:0,qu:0), a !bad item (cl:100,ty:0,pl:0,pl2:0,sp:0,qu:0), a !bad item (cl:100,ty:0,pl:0,pl2:0,sp:0,qu:0), a !bad item (cl:100,ty:0,pl:0,pl2:0,sp:0,qu:0), a !bad item (cl:100,ty:0,pl:0,pl2:0,sp:0,qu:0), a !bad item (cl:100,ty:0,pl:0,pl2:0,sp:0,qu:0), a !bad item (cl:100,ty:0,pl:0,pl2:0,sp:0,qu:0), a !bad item (cl:100,ty:0,pl:0,pl2:0,sp:0,qu:0), a !bad item (cl:100,ty:0,pl:0,pl2:0,sp:0,qu:0), a !bad item (cl:100,ty:0,pl:0,pl2:0,sp:0,qu:0)
     0 | D:1      | Reached XP level 1. HP: 18/18 MP: 3/3
    91 | D:1      | Reached skill level 3 in Polearms
   283 | D:1      | Reached XP level 2. HP: 22/25 MP: 5/5
   721 | D:2      | Reached skill level 1 in Dodging
   721 | D:2      | Reached XP level 3. HP: 27/30 MP: 6/6
   895 | D:2      | Reached skill level 4 in Polearms
  1002 | D:2      | Reached XP level 4. HP: 34/37 MP: 7/7
  1888 | D:3      | Reached skill level 5 in Polearms
  1930 | D:3      | Found a shimmering altar of Xom.
  1934 | D:3      | Reached XP level 5. HP: 18/45 MP: 8/8
  2314 | D:4      | Gained mutation: You are surrounded by a mild repulsion field (EV +2). [potion of mutation]
  2314 | D:4      | Gained mutation: Your system is resistant to poisons. [potion of mutation]
  2314 | D:4      | Gained mutation: You are frail (-10% HP). [potion of mutation]
  2337 | D:4      | HP: 2/40 [wight/dagger (7)]
  2340 | D:3      | Slain by a wight

Vault maps used:
D:1:      minmay_arrival_hallway, minmay_misc_feat_alley
D:3:      xom_teletrap_fun
D:4:      trog_eyes_of_draining

Action                   |  1- 3 |  4- 6 || total
-------------------------+-------+-------++-------
Melee: Spear             |   159 |   135 ||   294
Throw: Stone             |     2 |       ||     2
  Use: Potion            |       |     7 ||     7
 Stab: Sleeping          |     4 |     2 ||     6
  Eat: Chunk             |       |     5 ||     5
